[ AOE2 MATCH · #461042741 ]
UnrankedChinese vs Inca
Player's team · WIN
Rival team · LOSS
[ REPLAY ANALYSIS · EXTRACTED FROM THE RECORDED GAME ]
Feudal
10:31
Castle
14:14
Imperial
33:44
| APM avg | 40.0 |
| APM peak | 68 |
| eAPM avg | 21.8 |
| Villagers / military | 123 / 60 |
Focus
⚔️ 22.8% · 🌾 77.2%
Chu Ko Nu ×60
Feudal
—
Castle
—
Imperial
—
| APM avg | 41.8 |
| APM peak | 85 |
| eAPM avg | 21.6 |
| Villagers / military | 79 / 32 |
Focus
⚔️ 25.6% · 🌾 74.4%
Skirmisher ×30 · Unknown (2550) ×21 · Spearman ×1 · Monk ×1
Match map
Initial resources + every placement click. Lines = walls · curves = elevation contours. ◆ gold · ⬟ stone · ● berries · ✦ relic · ◌ wall gap
Your base· ✓ Closed at 14:14 · 28t walls · no gate
Player86688262's base· ✓ Closed at 21:48 · 17t walls · 1 gate(s)
Smoothed initial terrain · ◌ = detected wall gap · hover for details
Inputs per minute
— 大桶泳 寿司 - - Player86688262
Build order — 大桶泳 寿司
First 150 of 316 actions detected
| 0:01 | Research | Loom |
| 0:39 | Create | Villager (Male) |
| 1:09 | Create | Villager (Male) |
| 1:09 | Create | Villager (Male) |
| 1:39 | Build | Lumber Camp |
| 1:40 | Create | Villager (Male) |
| 1:56 | Create | Villager (Male) |
| 2:16 | Create | Villager (Male) |
| 2:16 | Create | Villager (Male) |
| 2:49 | Create | Villager (Male) |
| 2:54 | Create | Villager (Male) |
| 3:26 | Build | House |
| 3:35 | Create | Villager (Male) |
| 3:47 | Build | Mill |
| 3:59 | Create | Villager (Male) |
| 4:15 | Create | Villager (Male) |
| 4:16 | Create | Villager (Male) |
| 5:07 | Create | Villager (Male) |
| 5:13 | Build | House |
| 5:38 | Create | Villager (Male) |
| 5:51 | Build | House |
| 6:12 | Create | Villager (Male) |
| 6:27 | Create | Villager (Male) |
| 6:49 | Create | Villager (Male) |
| 7:20 | Create | Villager (Male) |
| 7:35 | Build | Mining Camp |
| 7:37 | Create | Villager (Male) |
| 8:13 | Research | Feudal Age |
| 9:10 | Create | Villager (Male) |
| 9:10 | Create | Villager (Male) |
| 10:31 | Age | Feudal Age |
| 10:44 | Build | Market |
| 10:46 | Build | Blacksmith |
| 11:34 | Research | Castle Age |
| 11:50 | Research | Double-Bit Axe |
| 12:10 | Build | House |
| 12:16 | Build | Palisade Wall |
| 12:23 | Build | Palisade Wall |
| 12:29 | Build | Palisade Wall |
| 12:33 | Build | Palisade Wall |
| 12:36 | Build | Palisade Wall |
| 12:56 | Research | Horse Collar |
| 13:00 | Build | House |
| 13:39 | Build | Farm |
| 13:40 | Build | Farm |
| 13:42 | Build | Farm |
| 13:46 | Build | Farm |
| 13:57 | Create | Villager (Male) |
| 14:12 | Build | Farm |
| 14:14 | Age | Castle Age |
| 14:14 | Build | Farm |
| 14:16 | Create | Villager (Male) |
| 14:24 | Build | House |
| 15:01 | Create | Villager (Male) |
| 15:21 | Build | Farm |
| 15:21 | Create | Villager (Male) |
| 15:38 | Create | Villager (Male) |
| 15:44 | Build | Castle |
| 15:47 | Create | Villager (Male) |
| 16:03 | Build | Town Center |
| 16:11 | Build | Farm |
| 16:44 | Build | House |
| 16:46 | Build | Palisade Wall |
| 16:53 | Build | House |
| 16:55 | Create | Villager (Male) |
| 16:55 | Create | Villager (Male) |
| 17:03 | Build | Farm |
| 17:16 | Research | Fletching |
| 17:26 | Create | Chu Ko Nu |
| 17:26 | Create | Chu Ko Nu |
| 17:33 | Create | Villager (Male) |
| 17:45 | Create | Villager (Male) |
| 17:46 | Create | Chu Ko Nu |
| 18:00 | Create | Chu Ko Nu |
| 18:03 | Create | Villager (Male) |
| 18:15 | Create | Chu Ko Nu |
| 18:18 | Build | Farm |
| 18:21 | Build | Farm |
| 18:30 | Create | Villager (Male) |
| 18:32 | Create | Villager (Male) |
| 18:40 | Build | Farm |
| 18:43 | Build | Farm |
| 18:44 | Create | Villager (Male) |
| 18:46 | Create | Chu Ko Nu |
| 19:01 | Create | Chu Ko Nu |
| 19:02 | Create | Villager (Male) |
| 19:03 | Create | Villager (Male) |
| 19:09 | Build | Farm |
| 19:19 | Create | Chu Ko Nu |
| 19:21 | Create | Villager (Male) |
| 19:30 | Create | Villager (Male) |
| 19:35 | Create | Villager (Male) |
| 19:37 | Build | Farm |
| 19:39 | Build | Farm |
| 19:43 | Build | House |
| 19:50 | Create | Villager (Male) |
| 19:55 | Build | Farm |
| 20:03 | Create | Chu Ko Nu |
| 20:12 | Create | Chu Ko Nu |
| 20:20 | Create | Villager (Male) |
| 20:27 | Research | Bow Saw |
| 20:33 | Create | Villager (Male) |
| 20:38 | Create | Villager (Male) |
| 20:43 | Create | Chu Ko Nu |
| 20:44 | Create | Chu Ko Nu |
| 20:57 | Create | Villager (Male) |
| 21:00 | Create | Villager (Male) |
| 21:01 | Create | Chu Ko Nu |
| 21:08 | Create | Villager (Male) |
| 21:11 | Create | Villager (Male) |
| 21:30 | Research | Bodkin Arrow |
| 21:34 | Create | Villager (Male) |
| 21:48 | Create | Villager (Male) |
| 21:49 | Create | Chu Ko Nu |
| 21:56 | Create | Villager (Male) |
| 22:11 | Create | Villager (Male) |
| 22:12 | Create | Chu Ko Nu |
| 22:12 | Create | Chu Ko Nu |
| 22:26 | Build | Farm |
| 22:26 | Build | Farm |
| 22:30 | Create | Villager (Male) |
| 22:33 | Create | Chu Ko Nu |
| 22:35 | Build | Town Center |
| 22:37 | Create | Villager (Male) |
| 22:43 | Create | Villager (Male) |
| 22:49 | Create | Villager (Male) |
| 22:52 | Build | Farm |
| 23:09 | Create | Villager (Male) |
| 23:10 | Build | Farm |
| 23:11 | Create | Villager (Male) |
| 23:18 | Research | Padded Archer Armor |
| 23:21 | Create | Chu Ko Nu |
| 23:31 | Create | Chu Ko Nu |
| 23:37 | Create | Villager (Male) |
| 23:39 | Build | Farm |
| 23:39 | Create | Villager (Male) |
| 23:43 | Build | House |
| 23:44 | Build | House |
| 23:52 | Create | Villager (Male) |
| 23:58 | Create | Villager (Male) |
| 23:59 | Create | Chu Ko Nu |
| 24:06 | Create | Villager (Male) |
| 24:11 | Build | Lumber Camp |
| 24:18 | Create | Villager (Male) |
| 24:19 | Create | Villager (Male) |
| 24:28 | Create | Villager (Male) |
| 24:29 | Build | Farm |
| 24:33 | Build | Farm |
| 24:49 | Create | Villager (Male) |
| 25:07 | Create | Villager (Male) |
Build order — Player86688262
First 150 of 217 actions detected
| 0:04 | Create | Villager (Male) |
| 0:04 | Create | Villager (Male) |
| 0:04 | Create | Villager (Male) |
| 0:04 | Create | Villager (Male) |
| 0:05 | Build | House |
| 0:07 | Build | House |
| 1:31 | Create | Villager (Male) |
| 2:07 | Create | Villager (Male) |
| 2:07 | Create | Villager (Male) |
| 2:50 | Create | Villager (Male) |
| 2:50 | Create | Villager (Male) |
| 2:50 | Create | Villager (Male) |
| 3:18 | Build | Settlement |
| 3:23 | Create | Villager (Male) |
| 3:23 | Create | Villager (Male) |
| 3:23 | Create | Villager (Male) |
| 3:48 | Create | Villager (Male) |
| 3:48 | Create | Villager (Male) |
| 3:49 | Create | Villager (Male) |
| 4:18 | Create | Villager (Male) |
| 4:18 | Create | Villager (Male) |
| 5:11 | Build | Palisade Wall |
| 5:16 | Create | Villager (Male) |
| 5:17 | Create | Villager (Male) |
| 5:17 | Create | Villager (Male) |
| 6:22 | Create | Villager (Male) |
| 6:23 | Create | Villager (Male) |
| 6:23 | Create | Villager (Male) |
| 6:23 | Create | Villager (Male) |
| 6:24 | Create | Villager (Male) |
| 6:24 | Create | Villager (Male) |
| 6:24 | Create | Villager (Male) |
| 7:08 | Create | Villager (Male) |
| 7:08 | Create | Villager (Male) |
| 7:31 | Build | Settlement |
| 8:33 | Research | Feudal Age |
| 9:42 | Build | Barracks |
| 9:50 | Build | House |
| 10:20 | Build | House |
| 10:40 | Create | Unit 2550 |
| 10:41 | Create | Unit 2550 |
| 10:41 | Create | Unit 2550 |
| 10:51 | Research | Wheelbarrow |
| 10:51 | Research | Wheelbarrow |
| 10:54 | Research | Horse Collar |
| 10:54 | Research | Double-Bit Axe |
| 10:54 | Research | Double-Bit Axe |
| 10:59 | Research | Horse Collar |
| 11:10 | Build | Blacksmith |
| 11:17 | Create | Unit 2550 |
| 11:17 | Create | Unit 2550 |
| 11:37 | Build | House |
| 11:48 | Research | Tech 1402 |
| 11:57 | Research | Forging |
| 12:02 | Research | Scale Mail Armor |
| 12:12 | Create | Villager (Male) |
| 12:13 | Create | Villager (Male) |
| 12:22 | Build | House |
| 12:43 | Create | Spearman |
| 12:44 | Create | Unit 2550 |
| 12:55 | Build | Farm |
| 13:10 | Research | Forging |
| 13:15 | Research | Loom |
| 13:16 | Create | Villager (Male) |
| 13:17 | Create | Villager (Male) |
| 13:39 | Build | Farm |
| 14:01 | Create | Unit 2550 |
| 14:22 | Create | Villager (Male) |
| 14:22 | Create | Villager (Male) |
| 14:42 | Create | Unit 2550 |
| 14:42 | Create | Unit 2550 |
| 14:45 | Create | Villager (Male) |
| 14:45 | Create | Villager (Male) |
| 14:47 | Build | Farm |
| 14:56 | Build | Palisade Wall |
| 15:07 | Build | Farm |
| 15:25 | Research | Arson |
| 15:51 | Create | Unit 2550 |
| 16:04 | Build | Watch Tower |
| 16:21 | Build | Barracks |
| 16:34 | Build | Farm |
| 16:38 | Build | Farm |
| 16:41 | Build | Farm |
| 16:41 | Create | Villager (Male) |
| 16:42 | Create | Villager (Male) |
| 16:44 | Create | Unit 2550 |
| 17:09 | Create | Unit 2550 |
| 17:09 | Create | Unit 2550 |
| 17:11 | Build | Settlement |
| 17:17 | Create | Unit 2550 |
| 17:26 | Build | Farm |
| 17:29 | Build | Farm |
| 17:33 | Build | Farm |
| 17:40 | Build | Palisade Gate |
| 17:51 | Build | Farm |
| 18:10 | Build | Farm |
| 18:11 | Build | Farm |
| 18:17 | Build | Farm |
| 18:18 | Create | Villager (Male) |
| 18:18 | Create | Villager (Male) |
| 19:12 | Build | Farm |
| 19:16 | Build | Farm |
| 19:21 | Build | Farm |
| 19:26 | Build | Farm |
| 19:30 | Build | Farm |
| 19:35 | Build | Farm |
| 20:13 | Build | Market |
| 20:33 | Build | Outpost |
| 20:42 | Research | Town Watch |
| 21:15 | Build | Archery Range |
| 21:19 | Research | Fletching |
| 21:36 | Build | Watch Tower |
| 21:48 | Research | Castle Age |
| 21:48 | Research | Castle Age |
| 21:59 | Build | Palisade Wall |
| 22:00 | Create | Skirmisher |
| 22:00 | Create | Skirmisher |
| 22:11 | Build | House |
| 22:23 | Build | Palisade Wall |
| 22:32 | Build | Watch Tower |
| 22:39 | Research | Padded Archer Armor |
| 22:40 | Create | Skirmisher |
| 22:40 | Create | Skirmisher |
| 23:18 | Create | Skirmisher |
| 23:19 | Create | Skirmisher |
| 23:54 | Build | Settlement |
| 24:13 | Create | Skirmisher |
| 24:29 | Build | Stone Wall |
| 24:36 | Create | Villager (Male) |
| 24:37 | Create | Villager (Male) |
| 24:37 | Create | Villager (Male) |
| 24:47 | Research | Bodkin Arrow |
| 25:03 | Create | Skirmisher |
| 25:03 | Create | Skirmisher |
| 25:04 | Create | Skirmisher |
| 25:33 | Build | Siege Workshop |
| 25:38 | Build | Town Center |
| 26:01 | Research | Elite Skirmisher (upgrade) |
| 26:02 | Create | Skirmisher |
| 26:44 | Build | Settlement |
| 26:59 | Build | Watch Tower |
| 27:11 | Create | Skirmisher |
| 27:11 | Create | Skirmisher |
| 27:12 | Create | Villager (Male) |
| 27:12 | Create | Villager (Male) |
| 27:12 | Create | Villager (Male) |
| 28:02 | Create | Skirmisher |
| 28:02 | Create | Skirmisher |
| 28:05 | Research | Bow Saw |
| 28:31 | Create | Villager (Male) |
Match timeline
| 5:11 | Player86688262 · wall_segment Palisade Wall x1 |
| 9:42 | Player86688262 · first_building Barracks |
| 10:31 | 大桶泳 寿司 · age_up feudal |
| 12:16 | 大桶泳 寿司 · wall_segment Palisade Wall x8 |
| 12:23 | 大桶泳 寿司 · wall_segment Palisade Wall x7 |
| 12:29 | 大桶泳 寿司 · wall_segment Palisade Wall x2 |
| 12:33 | 大桶泳 寿司 · wall_segment Palisade Wall x5 |
| 12:36 | 大桶泳 寿司 · wall_segment Palisade Wall x6 |
| 14:14 | 大桶泳 寿司 · age_up castle |
| 14:56 | Player86688262 · wall_segment Palisade Wall x16 |
| 15:44 | 大桶泳 寿司 · first_building Castle |
| 16:00 | 大桶泳 寿司 · first_market_buy 100 stone |
| 16:46 | 大桶泳 寿司 · wall_segment Palisade Wall x1 |
| 21:15 | Player86688262 · first_building Archery Range |
| 21:19 | 大桶泳 寿司 · first_market_sell 100 stone |
| 21:59 | Player86688262 · wall_segment Palisade Wall x1 |
| 22:23 | Player86688262 · wall_segment Palisade Wall x1 |
| 24:29 | Player86688262 · wall_segment Stone Wall x15 |
| 25:33 | Player86688262 · first_building Siege Workshop |
| 33:20 | Player86688262 · first_building Monastery |
| 33:44 | 大桶泳 寿司 · age_up imperial |
| 35:55 | Player86688262 · resign |
[ AI ANALYSIS · 1 CREDIT ]
What really happened in this match?
Wolo.gg analyzes every decision: build order, eco, micro, common mistakes by bracket. Personalized analysis on WhatsApp or Discord in 30 seconds.
Civ guide
Chinese
Map guide
Amazon Tunnel
Perfil
大桶泳 寿司